Map: Oxide LE

Players

LiquidClem (Clem) - Winner!

  • Race: Terran Terran
  • League: Grandmaster
  • Spawn Location: 7:00

GunGFuBanDa

  • Race: Protoss Protoss
  • League: Grandmaster
  • Spawn Location: 1:00

Event: DreamHack SC2 Masters 2020 Winter

VOD

Have the link to the VOD?

Description

Time

  • Played on: Nov. 1, 2020, 11:20 a.m.
  • Length: 7:38

All games in this series

Show
View Real Time Build Order
Export as new Build Order

LiquidClem Terran - Winner!

Build Orders:  

Get SALT Encoding   

  12  0:00  SCV  
  13  0:12  SCV  
  14  0:16  Supply Depot  
  14  0:25  SCV  
  15  0:30  Refinery  
  15  0:38  SCV  
  16  0:44  Barracks  
  16  0:50  SCV  
  17  1:02  SCV  
  18  1:07  Engineering Bay  
  18  1:14  SCV  
  19  1:32  Marine, Orbital Command  
  20  1:37  Factory  
  20  1:42  Supply Depot  
  20  1:51  Barracks Reactor  
  20  1:58  SCV  
  21  2:10  SCV  
  22  2:22  SCV  
  23  2:25  Command Center  
  22  2:30  Hellion x2  
  22  2:34  SCV  
  22  2:36  Barracks Tech Lab  
  27  2:43  Barracks  
  27  2:48  Supply Depot  
  27  2:54  Reaper  
  27  2:56  Hellion  
  30  3:01  SCV  
  31  3:10  Stimpack, Hellion  
  33  3:15  Refinery  
  33  3:17  SCV  
  34  3:27  Marine  
  34  3:29  SCV  
  34  3:31  Bunker  
  36  3:38  Orbital Command  
  36  3:39  Widow Mine  
  36  3:40  Marine  
  39  3:43  Marine  
  39  3:46  SCV  
  39  3:48  Marine  
  42  3:58  SCV  
  42  3:59  Marine  
  40  4:04  SCV  
  40  4:09  Marine, Factory Reactor  
  39  4:11  SCV  
  39  4:12  Marine, Factory Tech Lab  
  39  4:16  SCV  
  40  4:17  Marine  
  40  4:23  SCV  
  42  4:25  Supply Depot  
  42  4:27  Starport  
  42  4:28  SCV  
  42  4:31  Marauder  
  45  4:36  Siege Tank  
  45  4:37  SCV  
  49  4:40  SCV, Marine  
  49  4:41  Marine  
  52  4:47  Supply Depot  
  52  4:50  Combat Shield, SCV  
  52  4:52  SCV  
  54  4:54  Marauder  
  56  5:00  Engineering Bay  
  56  5:01  Marine x2  
  56  5:03  SCV  
  56  5:05  SCV, Starport Reactor  
  60  5:12  Siege Tank, Refinery  
  63  5:15  SCV  
  63  5:20  Marauder  
  66  5:25  Supply Depot  
  66  5:26  SCV  
  66  5:27  SCV  
  68  5:29  Missile Turret  
  68  5:33  Marine x2  
  68  5:35  Terran Infantry Weapons Level 1  
  70  5:38  SCV  
  70  5:46  SCV  
  70  5:47  Marauder, Supply Depot  
  72  5:52  Marine  
  72  5:53  Marine  
  75  5:58  SCV  
  75  5:59  Refinery  
  75  6:01  Barracks  
  75  6:03  Siege Tank  
  78  6:08  Supply Depot  
  78  6:09  Marauder, SCV  
  81  6:12  Marine  
  81  6:13  Marine  
  81  6:16  Concussive Shells  
  83  6:22  Supply Depot  
  83  6:24  SCV x2  
  85  6:30  Marauder, Medivac x2, Marine  
  85  6:31  Marine  
  93  6:38  Supply Depot  
  92  6:41  SCV  
  92  6:43  Siege Tank  
  96  6:48  Barracks Tech Lab, Command Center  
  96  6:51  Marine x2  
  96  6:52  Marauder  
  100  6:57  SCV x2  
  100  6:58  Supply Depot  
  102  7:05  Medivac x2  
  102  7:08  Marauder, Missile Turret  
  108  7:11  Bunker  
  108  7:13  SCV  
  108  7:14  SCV  
  99  7:25  SCV  
  101  7:32  Bunker  
Show
View Real Time Build Order
Export as new Build Order

GunGFuBanDa Protoss 

Build Orders: Blink Stalkers 

Get SALT Encoding   

  12  0:00  Probe  
  13  0:12  Probe  
  14  0:16  Pylon  
  14  0:24  Probe (Chrono Boost)  
  15  0:36  Gateway, Probe (Chrono Boost)  
  16  0:44  Probe (Chrono Boost)  
  16  0:45  Assimilator  
  17  0:50  Probe  
  18  1:03  Probe  
  19  1:21  Probe (Chrono Boost)  
  19  1:25  Cybernetics Core  
  21  1:33  Pylon, Probe (Chrono Boost)  
  21  1:40  Probe (Chrono Boost)  
  22  1:55  Nexus  
  22  1:58  Probe  
  22  2:02  Warp Gate  
  22  2:09  Assimilator  
  22  2:13  Adept (Chrono Boost)  
  22  2:15  Probe  
  25  2:27  Probe  
  26  2:39  Probe  
  26  2:40  Sentry (Chrono Boost)  
  29  2:44  Gateway  
  29  2:51  Probe  
  29  2:56  Twilight Council  
  31  3:05  Probe (Chrono Boost)  
  31  3:06  Stalker  
  31  3:07  Probe (Chrono Boost)  
  34  3:16  Probe (Chrono Boost)  
  34  3:17  Probe (Chrono Boost)  
  34  3:19  Gateway  
  36  3:22  Probe (Chrono Boost)  
  36  3:23  Probe (Chrono Boost)  
  38  3:30  Probe  
  38  3:33  Probe  
  40  3:34  Blink (Chrono Boost)  
  40  3:42  Probe  
  40  3:45  Probe  
  40  3:46  Pylon  
  42  3:54  Probe  
  41  3:55  Stalker  
  41  3:56  Stalker  
  38  4:12  Probe (Chrono Boost)  
  38  4:14  Probe (Chrono Boost)  
  38  4:22  Probe (Chrono Boost)  
  38  4:24  Probe (Chrono Boost)  
  40  4:25  Assimilator  
  40  4:28  Probe x2 (Chrono Boost)  
  42  4:31  Dark Shrine  
  42  4:38  Probe  
  43  4:39  Probe  
  44  4:50  Probe  
  44  4:51  Probe  
  46  4:53  Nexus  
  46  4:54  Pylon  
  46  5:02  Pylon, Probe  
  46  5:03  Probe  
  46  5:06  Stalker  
  50  5:07  Stalker  
  52  5:18  Probe  
  52  5:19  Stalker  
  55  5:23  Probe  
  54  5:29  Charge (Chrono Boost)  
  54  5:31  Probe  
  54  5:33  Gateway x2  
  55  5:36  Probe  
  56  5:43  Dark Templar  
  56  5:48  Dark Templar  
  60  5:50  Probe  
  60  5:56  Stalker  
  63  5:57  Probe  
  63  5:59  Pylon  
  63  6:02  Probe  
  65  6:05  Pylon, Probe  
  65  6:10  Probe  
  67  6:14  Probe  
  67  6:18  Stalker, Shield Battery  
  68  6:20  Stalker  
  68  6:21  Zealot  
  68  6:22  Probe  
  68  6:25  Probe  
  76  6:28  Zealot x2  
  80  6:38  Probe  
  81  6:40  Probe x2  
  81  6:44  Gateway  
  81  6:45  Gateway, Sentry  
  85  6:47  Pylon  
  85  6:56  Zealot x4  
  93  7:02  Robotics Facility  
  89  7:16  Zealot x2  
  89  7:17  Dark Templar, Zealot x2  
Tags
 
Add a new tag
Caveats
  • Supply blocks, unpowered buildings, or Contaminate may cause inaccurate times.
  • Supply counts are checked every 10 seconds.